 Dungeon Crawl Stone Soup version 0.27-a0-1140-g099f9bb0e8 (webtiles) character file.

Game seed: 12201231791826239894

138 leviel the Skirmisher (level 5, -1/47 HPs)
             Began as a Minotaur Fighter on May 9, 2021.
             Slain by Grinder (4 damage)
             ... on level 3 of the Dungeon.
             The game lasted 00:02:25 (2086 turns).

leviel the Skirmisher (Minotaur Fighter)            Turns: 2086, Time: 00:02:26

Health: -1/47      AC:  7    Str: 21    XL:     5   Next: 1%
Magic:  4/4        EV:  7    Int:  5    God:
Gold:   82         SH:  9    Dex: 10    Spells: 4/4 levels left

rFire    . . .     SeeInvis .   a - +0 war axe
rCold    . . .     Faith    .   c - +0 kite shield
rNeg     . . .     Spirit   .   b - +0 scale mail
rPois    .         Reflect  .   (helmet restricted)
rElec    .         Harm     .   (no cloak)
rCorr    .         Rampage  .   (no gloves)
Will     .....                  (no boots)
Stlth    ..........             (no amulet)
HPRegen  0.15/turn              j - ring of ice
MPRegen  0.09/turn              l - ring of fire

@: mighty
A: horns 2, retaliatory headbutt
a: no special abilities


You were on level 3 of the Dungeon.
You visited 1 branch of the dungeon, and saw 3 of its levels.

You collected 82 gold pieces.

Inventory:

Hand Weapons
 a - a +0 war axe (weapon)
 m - a +2 antimagic whip
Armour
 b - a +0 scale mail (worn)
 c - a +0 kite shield (worn)
Jewellery
 j - a ring of ice (left hand)
 l - a ring of fire (right hand)
Wands
 o - a wand of iceblast (11)
Scrolls
 f - a scroll of immolation {unknown}
 g - 2 scrolls of teleportation {unknown}
 h - a scroll of magic mapping {unknown}
 k - a scroll of identify {unknown}
Potions
 d - a potion of might
 i - a potion of heal wounds {unknown}
 n - a potion of cancellation {unknown}


   Skills:
 + Level 4.4 Fighting
 * Level 4.4 Axes
 + Level 4.4 Armour
 + Level 4.4 Shields


You had 4 spell levels left.
You didn't know any spells.
Your spell library contained the following spells:

 Spells                   Type           Power      Damage    Failure   Level
 Summon Small Mammal      Summ           0%         N/A       99%         1
 Call Imp                 Summ           0%         N/A       100%        2
 Call Canine Familiar     Summ           0%         N/A       100%        3
 Summon Guardian Golem    Hex/Summ       0%         N/A       100%        3
 Summon Ice Beast         Ice/Summ       0%         N/A       100%        4
 Summon Lightning Spire   Summ/Air       0%         N/A       100%        4


Dungeon Overview and Level Annotations

Branches:
Dungeon (3/15)

Altars:

Shops:
D:1 [   D:2 (

Annotations:
D:3 Grinder


Innate Abilities, Weirdness & Mutations

You have a pair of horns on your head.
You reflexively headbutt those who attack you in melee.


Message History

Grinder hits you!
* * * LOW HITPOINT WARNING * * *
Unknown command.
You hit Grinder but do no damage. Your headbutt misses Grinder.
Grinder is moderately wounded.
Grinder hits you.
* * * LOW HITPOINT WARNING * * *
Grinder blinks!
Unknown command.
It was a potion of curing.
You feel better.
Grinder blinks!
You feel very mighty all of a sudden.
Grinder blinks!
You feel better.
You are too injured to fight recklessly!
You are too injured to fight recklessly!
Unknown command.
Grinder gestures at you. Pain shoots through your body!
* * * LOW HITPOINT WARNING * * *
Grinder blinks!
You feel better. Grinder gestures at you. Pain shoots through your body!
* * * LOW HITPOINT WARNING * * *
Grinder hits you but does no damage.
You closely miss Grinder.
Grinder is moderately wounded.
Grinder gestures at you. Pain shoots through your body!
* * * LOW HITPOINT WARNING * * *
You block Grinder's attack.
You closely miss Grinder. You headbutt Grinder!
Grinder is heavily wounded.
You block Grinder's attack.
You hit Grinder.
Grinder is heavily wounded.
Grinder hits you.
* * * LOW HITPOINT WARNING * * *
You writhe in agony.
You die...

#...)...# #...# #.#
##......#####†#######.#
##>........[..........
#####.....#####...#.###..
#.......^.+.#####....#####
#.###.....#.....$.......
#.# #.....#..#.......##
#.####....#..........#
#.....#...#..#.@.....# ..
#.....#.###....5.....# ..
#.....#.# #.##.$..#### ###
#. #.#####.# # ###'## ..#
.. .#.......# #.# #.# #.
.........# #.# #.# #.
.#..#....# #.# #.# #.
.#(...)..###
#.########.#####.
#.....##..#
#.##............#


You could see Grinder.

Vanquished Creatures
  Jessica (D:3)
  Ijyb (D:3)
  An adder (D:3)
  A dart slug (D:1)
  5 orcs (D:3)
  3 ball pythons
  4 endoplasms
  6 goblins
  7 hobgoblins
  15 jackals (D:1)
  4 kobolds
  2 quokkas
  2 bats (D:2)
  4 frilled lizards
  7 rats
63 creatures vanquished.

Notes
Turn   | Place    | Note
-------+----------+-------------------------------------------
     0 | D:1      | leviel the Minotaur Fighter began the quest for the Orb.
     0 | D:1      | Reached XP level 1. HP: 19/19 MP: 0/0
    54 | D:1      | Found Wuch's Armour Boutique.
   123 | D:1      | Reached XP level 2. HP: 27/27 MP: 1/1
   282 | D:1      | Reached XP level 3. HP: 19/33 MP: 2/2
   679 | D:1      | You fall into a shaft and drop 1 floor!
   822 | D:1      | Found a faded altar of an unknown god.
   869 | D:2      | Found Kumusiocu's Weapon Shop.
  1347 | D:3      | Reached XP level 4. HP: 27/40 MP: 3/3
  1851 | D:3      | Noticed Jessica
  1855 | D:3      | Killed Jessica
  1878 | D:3      | Noticed Ijyb
  1894 | D:3      | Killed Ijyb
  1895 | D:3      | Reached XP level 5. HP: 33/47 MP: 4/4
  2064 | D:3      | Noticed Grinder
  2068 | D:3      | Paralysed by Grinder for 3 turns
  2086 | D:3      | Slain by Grinder

Illustrated notes

Levels and vault maps discovered:
D:1:      dpeg_arrival_rhombi, layout_basic,
          hellmonk_ecumenical_altar_leap_of_faith, serial_shops,
          nicolae_shop_statue_plus, hangedman_feature_mirror
D:2:      layout_rooms, serial_shops, nicolae_shop_crystal
D:3:      layout_basic, worldfamousw_hep_ancestral_shrine, uniq_jessica,
          uniq_grinder, uniq_ijyb

Skill      XL: |  1  2  3  4 |
---------------+-------------+-----
Axes           | 3 4 |  4.4
Shields        | 4 |  4.4
Armour         | 4 |  4.4
Fighting       | 4 |  4.4

Action                   |  1- 3 |  4- 6 || total
-------------------------+-------+-------++-------
Melee: War axe           |   108 |    52 ||   160
       Headbutt          |    13 |     5 ||    18
Evoke: Wand              |       |     1 ||     1
  Use: Potion            |       |     4 ||     4
Armor: Scale mail        |    75 |    18 ||    93
Dodge: Dodged            |    36 |    13 ||    49
Block: Kite shield       |    82 |    25 ||   107

Table legend: (Time is in decaauts)
 A = Elapsed time spent in this place.
 B = Non-inter-level travel time spent in this place.
 C = Inter-level travel time spent in this place.
 D = Time resting spent in this place.
 E = Time spent auto-exploring this place.
 F = Levels seen in this place.
 G = Mean time per level.
                   A        B        C        D        E       F      G
               +--------+--------+--------+--------+--------+-----+--------+
         Total |   2170 |   2130 |     40 |    122 |   1612 |   3 |  723.3 |
       Dungeon |   2170 |   2130 |     40 |    122 |   1612 |   3 |  723.3 |
               +--------+--------+--------+--------+--------+-----+--------+

Top non-repeatable levels by time:
     D:1: 877 daAuts
     D:3: 814 daAuts
     D:2: 479 daAuts
